 Dungeon Crawl Stone Soup version 0.31.0-32-g396128a36d (webtiles) character file.

Game seed: 2705006351210516937

4 mainiacjoe the Vexing (level 1, -1/13 HPs)
             Began as an Octopode Hexslinger on Apr 1, 2024.
             Slain by a quokka (3 damage)
             ... on level 1 of the Dungeon.
             The game lasted 00:01:20 (110 turns).

mainiacjoe the Vexing (Octopode Hexslinger)          Turns: 110, Time: 00:01:21

Health: -1/13      AC:  1    Str:  7    XL:     1   Next: 60%
Magic:  2/2        EV: 13    Int: 15    God:
Gold:   44         SH:  0    Dex: 14    Spells: 2/2 levels left

rFire   . . .        a - +1 sling
rCold   . . .        (no shield)
rNeg    . . .        (helmet restricted)
rPois   .            (no amulet)
rElec   .            (no ring)
rCorr   .            (no ring)
SInv    .            (no ring)
Will    .....        (no ring)
Stlth   ++           (no ring)
HPRegen 0.22/turn    (no ring)
MPRegen 0.08/turn    (no ring)
                     (no ring)

%: no passive effects
@: no status effects
A: almost no armour, amphibious, 8 rings, camouflage 1, gelatinous body 1,
(nimble swimmer 1), tentacles
a: no special abilities


You were on level 1 of the Dungeon.
You visited 1 branch of the dungeon, and saw 1 of its levels.

You collected 44 gold pieces.

Inventory:

Hand Weapons
 a - a +1 sling (weapon)
Missiles
 c - 12 stones
Scrolls
 b - a scroll of poison
Potions
 e - a potion of berserk rage {unknown}


   Skills:
 - Level 1.0 Fighting
 + Level 2.1 Ranged Weapons
 - Level 2.0 Dodging
 + Level 1.1 Spellcasting
 * Level 3.1 Hexes
 - Level 1.0 Fire Magic


You had 2 spell levels left.
You didn't know any spells.
Your spell library contained the following spells:

 Spells                   Type           Power      Damage    Failure   Level
 Jinxbite                 Hex            20%        N/A       10%         2
 Sigil of Binding         Hex            10%        N/A       21%         3
 Inner Flame              Hex/Fire       7%         N/A       30%         3
 Cause Fear               Hex            5%         N/A       54%         4
 Dimensional Bullseye     Hex/Tloc       2%         N/A       77%         4


Dungeon Overview and Level Annotations

Branches:
Dungeon (1/15)

Altars:


Innate Abilities, Weirdness & Mutations

You cannot wear most types of armour.
You are amphibious.
You can wear up to eight rings at the same time.
Your skin changes colour to match your surroundings (Stealth+).
Your rubbery body absorbs attacks. (AC +1, EV +1)
((You are camouflaged when in or above water. (Stealth+)))
You have tentacles for arms and can constrict up to eight enemies at once.


Message History

The quokka is almost dead.
The quokka closely misses you. The quokka bites you.
You shoot a sling bullet. The sling bullet hits the quokka.
You kill the quokka!
No target in view!
HP restored.
Found a stone staircase leading down.
A rat comes into view.
You shoot a sling bullet.
The sling bullet hits the rat but does no damage.
The rat squeaks loudly.
You hear a shout!
A kobold comes into view. It is wielding a +0 club.
An endoplasm comes into view.
A quokka comes into view.
You shoot a sling bullet. The sling bullet hits the rat!
You kill the rat!
You shoot a sling bullet. The sling bullet hits the endoplasm.
The endoplasm is almost dead.
You shoot a sling bullet. The sling bullet hits the endoplasm.
You kill the endoplasm!
You shoot a sling bullet.
The sling bullet hits the kobold but does no damage.
You shoot a sling bullet.
The sling bullet barely misses the kobold.
The kobold barely misses you.
You shoot a sling bullet.
The sling bullet closely misses the kobold.
The quokka closely misses you. The kobold hits you with a +0 club.
You shoot a sling bullet.
The sling bullet hits the kobold but does no damage.
The quokka closely misses you. The kobold hits you with a +0 club.
The quokka closely misses you. The kobold hits you with a +0 club.
You are too injured to fight recklessly!
The quokka attacks as it pursues you! The quokka barely misses you.
The kobold hits you with a +0 club.
* * * LOW HITPOINT WARNING * * *
The quokka attacks as it pursues you! The quokka barely misses you.
You shoot a sling bullet.
The sling bullet closely misses the quokka.
The quokka completely misses you. The quokka bites you.
You die...

#...#..##...⌠.........⌠
##......#.........≈.....
..........#...⌠...........
#####.....'......≈.....≈..
.........##...⌠...........
..........#.........≈...[.
########..##.).⌠.........⌠
......†...#.......⌠...⌠...
#########@###.............
#r######.........#
#K.....##########
#.##......# #.........#
#######.### ..". .#.###
...>.


You could see a quokka and a kobold.

Vanquished Creatures
  An endoplasm (D:1)
  A quokka (D:1)
  2 rats (D:1)
4 creatures vanquished.

Notes
Turn   | Place    | Note
-------+----------+-------------------------------------------
     0 | D:1      | mainiacjoe the Octopode Hexslinger began the quest for the
                  | Orb.
     0 | D:1      | Reached XP level 1. HP: 13/13 MP: 2/2
   110 | D:1      | Slain by a quokka

Illustrated notes

Levels and vault maps discovered:
D:1:      dpeg_arrival_stone_temple_mockup, layout_basic,
          chequers_ecumenical_altar_twisty

Action                     || total
---------------------------++-------
   Fire: Sling             ||    21
    Use: Scroll            ||     1
 Armour: Skin              ||     9
  Dodge: Dodged            ||    12
